 Dungeon Crawl Stone Soup version 0.23.0-42-geed6394480 (webtiles) character file.

Game seed: 3679368694995318642

56 Naridas the Slasher (level 3, 0/26 HPs)
             Began as an Octopode Fighter on Feb 28, 2019.
             Succumbed to an adder's poison
             ... on level 2 of the Dungeon.
             The game lasted 00:03:49 (1450 turns).

Naridas the Slasher (Octopode Fighter)              Turns: 1450, Time: 00:03:49

Health: 0/26       AC:  1    Str: 19 (20) XL:     3   Next: 97%
Magic:  3/3        EV: 11    Int:  8 (10) God:
Gold:   18         SH:  9    Dex:  9 (12) Spells: 2/2 levels left

rFire    . . .     SeeInvis .   a - +0 long sword
rCold    . . .     Gourm    .   b - +1 shield
rNeg     . . .     Faith    .   (helmet restricted)
rPois    .         Spirit   .   (no amulet)
rElec    .         Reflect  .   (no ring)
rCorr    .         Harm     .   (no ring)
MR       .....                  (no ring)
Stlth    ++........             (no ring)
HPRegen  0.08/turn              (no ring)
MPRegen  0.08/turn              (no ring)
                                (no ring)
                                (no ring)

@: mighty, lethally poisoned (0 -> -1)
A: almost no armour, stealthy swim, amphibious, 8 rings, constrict 8, camouflage
1, gelatinous body 1
a: no special abilities


You were on level 2 of the Dungeon.
You were not hungry.

You visited 1 branch of the dungeon, and saw 2 of its levels.

You collected 18 gold pieces.

Inventory:

Hand Weapons
 a - a +0 long sword (weapon)
Armour
 b - a +1 shield (worn)
Scrolls
 e - a scroll of noise
 h - a scroll of remove curse
Comestibles
 d - 2 rations


   Skills:
 - Level 3.0 Fighting
 + Level 4.1 Long Blades
 - Level 3.0 Dodging
 - Level 3.0 Shields


You had 2 spell levels left.
You didn't know any spells.
Your spell library was empty.

Dungeon Overview and Level Annotations

Branches:
Dungeon (2/15)

Altars:


Innate Abilities, Weirdness & Mutations

You cannot wear most types of armour.
You are very stealthy in the water. (Stealth+)
You are amphibious.
You can wear up to eight rings at the same time.
You can use your tentacles to constrict eight enemies at once.
Your skin changes colour to match your surroundings (Stealth+).
Your rubbery body absorbs attacks. (AC +1, EV +1)


Message History

You hear a shout!
You hear an angry hiss.
You hear a howl!
You hear a shout!
You hear a bark!
You hear a shout! x2; You hear a bark! x2; You hear a shout!
You hear a bark!
You hear a shout! x2; You hear an angry hiss.
As you read the scroll labeled QAKLOR TEYMPAM, it crumbles to dust.
It is a scroll of identify.
h - a scroll of remove curse
* * * LOW HITPOINT WARNING * * *
You feel sick.
As you read the scroll labeled TOXAFEHOSH, it crumbles to dust.
It is a scroll of enchant armour.
Your +0 shield glows green for a moment.
You feel very mighty all of a sudden.
You see here a giant cockroach corpse.
* * * LOW HITPOINT WARNING * * *
You feel sick.
There is a lethal amount of poison in your body!
There is a lethal amount of poison in your body!
There is a lethal amount of poison in your body!
A rat comes into view.
You die...

#.# ##.## #...#
#...# #...# #...#
##...# ##########
+....####........#
#.......@........#
#....####........#
#.#....†.........#
#.#.#####........#
#.#.#...r........#
..!.....>........#
#.#.#..........?.#
#.#.####.#.#.#.###
. ... (<..#.#.#


There were no monsters in sight!

Vanquished Creatures
  An adder (D:2)
  2 oozes (D:1)
  A worm (D:2)
  A leopard gecko (D:1)
  A bat (D:1)
  3 giant cockroaches
  A goblin (D:1)
  A hobgoblin (D:1)
  8 jackals (D:1)
  4 kobolds (D:1)
  A ball python (D:2)
  2 frilled lizards (D:1)
  9 rats (D:1)
35 creatures vanquished.

Notes
Turn   | Place    | Note
-------+----------+-------------------------------------------
     0 | D:1      | Naridas the Octopode Fighter began the quest for the Orb.
     0 | D:1      | Reached XP level 1. HP: 16/16 MP: 1/1
   104 | D:1      | Reached XP level 2. HP: 13/21 MP: 2/2
   423 | D:1      | Reached skill level 3 in Long Blades
   532 | D:1      | Reached XP level 3. HP: 24/26 MP: 3/3
  1431 | D:2      | Reached skill level 4 in Long Blades
  1442 | D:2      | HP: 1/26 [poisoned by an adder]
  1450 | D:2      | Succumbed to an adder's poison

Skill      XL: |  1  2  3 |
---------------+----------+-----
Long Blades    | 3 4 |  4.1
Fighting       | |  3.0
Dodging        | |  3.0
Shields        | |  3.0

Action                   || total
-------------------------++-------
Melee: Long sword        ||    70
       Tentacles         ||    14
       Constrict         ||    18
  Use: Scroll            ||     3
       Potion            ||     2
 Stab: Sleeping          ||     5
  Eat: Chunk             ||     2
Armor: Skin              ||     3
Dodge: Dodged            ||    32
Block: Shield            ||    31
       Rpst.: Long sword ||     5
